Atlantic City Gamblers vs Adelaide Pink Elephants
Created - Saturday, April 8, 2023 at 07:27
Goals
|
| Atlantic City Gamblers |
0 |
1 |
0 |
1 |
2 |
| Adelaide Pink Elephants |
0 |
1 |
0 |
0 |
1 |
|
Shots
|
| Atlantic City Gamblers |
8 |
15 |
4 |
2 |
29 |
| Adelaide Pink Elephants |
5 |
25 |
5 |
0 |
35 |
|
1st period
No Goal
Penalties :
Luke Kunin (ACG) for Hooking (Minor) at 15:09, Callan Foote (ACG) for Roughing (Minor) at 18:44
2nd period
1. Adelaide Pink Elephants , Adam Gaudette 9 (Ryan Dzingel 22, Johan Larsson 19) at 0:06 (PP)
2. Atlantic City Gamblers , Cody Glass 16 (Luke Kunin 24) at 5:27 (PP)
Penalties :
Ryan Suzuki (APE) for Hooking (Minor) at 5:25, Callan Foote (ACG) for Hooking (Minor) at 7:15, Ryan Dzingel (APE) for Holding (Minor) at 9:30, Luke Kunin (ACG) for Hooking (Minor) at 16:38
3rd period
No Goal
Penalties :
Johan Larsson (APE) for Fighting (Major) at 16:53, Thomas Harley (ACG) for Fighting (Major) at 16:53, Michael Vukojevic (ACG) for Tripping (Minor) at 17:49
Overtime #1
3. Atlantic City Gamblers , Yegor Chinakhov 9 (Nils Hoglander 17) at 1:02
Penalties :
No Penalty
Goalie Stats
Tuukka Rask (ACG), 34 saves from 35 shots - (0.971), W, 5-8-3, 61:02 minutes
Jet Greaves (APE), 27 saves from 29 shots - (0.931), OTL, 7-10-2, 61:02 minutes
Players Stats for Atlantic City Gamblers
Player Name G A P +/- PIM S H SB GA TA FO MP PP MP PK MP
------------------------------------------------------------------------------------
Alex Beaucage 0 0 0 0 0 3 2 0 0 1 0/0 13:36 0:00 0:00
Boris Katchouk 0 0 0 0 0 0 1 0 0 0 0/0 16:51 0:50 0:06
Callan Foote 0 0 0 0 4 1 1 3 0 4 0/0 22:45 1:22 3:57
Cam Dineen 0 0 0 1 0 2 2 0 0 1 0/0 18:29 0:39 3:11
Cody Glass 1 0 1 0 0 2 1 0 0 0 0/0 24:18 1:11 5:23
Egor Sokolov 0 0 0 0 0 3 1 0 0 0 0/0 13:57 0:00 0:29
Jakub Lauko 0 0 0 0 0 3 0 1 0 1 4/9 15:09 0:00 2:09
Jean-Luc Foudy 0 0 0 0 0 4 1 1 0 1 7/14 18:08 0:50 1:19
Layton Ahac 0 0 0 0 0 0 0 1 0 0 0/0 6:06 0:00 0:00
Luke Kunin 0 1 1 0 4 1 1 0 0 1 11/35 22:42 1:11 3:04
Michael Vukojevic 0 0 0 0 2 0 1 0 0 0 1/1 13:43 0:00 2:01
Nick Henry 0 0 0 0 0 0 1 0 0 0 0/0 6:17 0:00 0:00
Nils Hoglander 0 1 1 1 0 2 1 1 1 0 1/6 21:12 1:11 3:39
Ronald Attard 0 0 0 1 0 0 1 2 0 0 0/0 18:29 0:39 3:11
Thomas Harley 0 0 0 0 5 0 0 0 0 2 0/0 10:35 0:00 0:00
Ty Smith 0 0 0 0 0 1 1 1 0 2 0/1 25:58 1:22 6:07
Xavier Bernard 0 0 0 0 0 0 0 1 0 0 0/0 7:11 0:00 0:09
Yegor Chinakhov 1 0 1 1 0 7 2 1 1 0 2/3 19:18 0:50 2:27
Players Stats for Adelaide Pink Elephants
Player Name G A P +/- PIM S H SB GA TA FO MP PP MP PK MP
------------------------------------------------------------------------------------
A.J. Greer 0 0 0 0 0 2 2 0 1 0 0/0 14:37 0:06 0:46
Adam Gaudette 1 0 1 -1 0 9 3 2 1 0 0/1 22:08 5:19 0:47
Axel Jonsson-Fjallby 0 0 0 -1 0 3 2 0 4 0 0/0 14:35 0:00 0:45
Ben Gleason 0 0 0 0 0 0 1 0 0 0 0/0 12:01 0:14 0:00
Caleb Jones 0 0 0 0 0 2 4 1 1 0 0/0 27:08 5:35 1:06
Declan Chisholm 0 0 0 -1 0 0 0 1 0 0 0/0 22:07 3:43 0:55
Dominik Simon 0 0 0 0 0 4 1 2 0 0 0/0 17:47 3:39 0:11
Johan Larsson 0 1 1 0 5 5 3 2 1 1 21/32 23:19 4:05 0:59
Kevin Stenlund 0 0 0 0 0 1 3 1 1 0 9/15 18:08 3:39 0:32
Marc McLaughlin 0 0 0 0 0 0 0 0 0 0 0/1 2:27 0:39 0:00
Matthew Phillips 0 0 0 0 0 1 2 0 0 0 1/1 17:05 3:39 0:00
Nick Cicek 0 0 0 0 0 0 1 0 0 0 0/0 11:47 0:00 0:00
Philippe Myers 0 0 0 0 0 2 4 0 0 0 0/0 27:08 5:35 1:06
Riley Damiani 0 0 0 0 0 2 0 0 0 0 7/9 13:34 0:00 0:00
Robin Salo 0 0 0 -1 0 0 0 1 0 0 0/0 22:07 3:43 0:55
Ryan Dzingel 0 1 1 0 2 3 3 2 3 1 2/3 25:30 5:18 0:02
Ryan Suzuki 0 0 0 0 2 0 1 0 1 0 1/3 5:14 0:00 0:00
Tyler Madden 0 0 0 0 0 1 0 0 0 0 2/4 5:22 1:16 0:00
3 Stars
1 - Tuukka Rask (ACG)
2 - Yegor Chinakhov (ACG)
3 - Cody Glass (ACG)
Power Play
Atlantic City Gamblers - 1 on 2 Attempt(s) - 50.00%
Adelaide Pink Elephants - 1 on 5 Attempt(s) - 20.00%
Penalty Kill
Atlantic City Gamblers - 4 on 5 Attempt(s) - 80.00%
- Score 0 goal in Penalty Kill
Adelaide Pink Elephants - 1 on 2 Attempt(s) - 50.00%
- Score 0 goal in Penalty Kill
Team Stat
Atlantic City Gamblers - Hits : 17 - Faceoff Wins : 26 - Blocked Shots : 12 - Penalty Minutes : 15
Adelaide Pink Elephants - Hits : 30 - Faceoff Wins : 43 - Blocked Shots : 12 - Penalty Minutes : 9
Official
Referees : Unknown
Linesman : Unknown
Game Notes
Johan Larsson and Thomas Harley fight to a draw at 16:53 of 3rd period
Atlantic City Gamblers
5 vs 5 Forward
Center Left Wing Right Wing Time % Phy DF OF
1 Luke Kunin Nils Hoglander Cody Glass 40 1 2 2
2 Jean-Luc Foudy Boris Katchouk Yegor Chinakhov 30 1 2 2
3 Jakub Lauko Egor Sokolov Alex Beaucage 20 1 2 2
4 Luke Kunin Cody Glass Nick Henry 10 1 2 2
5 vs 5 Defense
Defense Defense Time % Phy DF OF
1 Ty Smith Callan Foote 40 1 2 2
2 Ronald Attard Cam Dineen 30 1 2 2
3 Thomas Harley Michael Vukojevic 20 1 2 2
4 Xavier Bernard Layton Ahac 10 1 2 2
PowerPlay Forward
Center Left Wing Right Wing Time % Phy DF OF
1 Luke Kunin Nils Hoglander Cody Glass 60 1 2 2
2 Jean-Luc Foudy Boris Katchouk Yegor Chinakhov 40 1 2 2
PowerPlay Defense
Defense Defense Time % Phy DF OF
1 Ty Smith Callan Foote 60 1 2 2
2 Ronald Attard Cam Dineen 40 1 2 2
Penalty Kill 4 Players Forward
Center Wing Time % Phy DF OF
1 Luke Kunin Cody Glass 60 1 2 2
2 Nils Hoglander Yegor Chinakhov 40 1 2 2
Penalty Kill 4 Players Defense
Defense Defense Time % Phy DF OF
1 Ty Smith Callan Foote 60 1 2 2
2 Ronald Attard Cam Dineen 40 1 2 2
Penalty Kill - 3 Players Forward
Forward Time % Phy DF OF
1 Luke Kunin 60 1 2 2
2 Cody Glass 40 1 2 2
Penalty Kill - 3 Players Defense
Defense Defense Time % Phy DF OF
1 Ty Smith Callan Foote 60 1 2 2
2 Ronald Attard Cam Dineen 40 1 2 2
4 vs 4 Forward
Center Wing Time % Phy DF OF
1 Luke Kunin Cody Glass 60 1 2 2
2 Nils Hoglander Yegor Chinakhov 40 1 2 2
4 vs 4 Defense
Defense Defense Time % Phy DF OF
1 Ty Smith Callan Foote 60 1 2 2
2 Ronald Attard Cam Dineen 40 1 2 2
Last Minutes Offensive
Center Left Wing Right Wing Defense Defense
Luke Kunin Nils Hoglander Cody Glass Ty Smith Callan Foote
Last Minutes Defensive
Center Left Wing Right Wing Defense Defense
Luke Kunin Nils Hoglander Cody Glass Ty Smith Callan Foote
Goaltenders
Starting : Tuukka Rask
Backup : David Hrenak
Extra Forwards
Normal : Egor Sokolov, Alex Beaucage, Jakub Lauko - PP : Egor Sokolov, Alex Beaucage - PK : Jakub Lauko
Extra Defensemen
Normal : Thomas Harley, Michael Vukojevic, Xavier Bernard - PP : Thomas Harley - PK : Michael Vukojevic, Xavier Bernard
Penalty Shots
Luke Kunin, Cody Glass, Nils Hoglander, Yegor Chinakhov, Boris Katchouk
Adelaide Pink Elephants
5 vs 5 Forward
Center Left Wing Right Wing Time % Phy DF OF
1 Johan Larsson Ryan Dzingel Adam Gaudette 40 1 2 2
2 Kevin Stenlund Dominik Simon Matthew Phillips 30 1 2 2
3 Riley Damiani Axel Jonsson-Fjallby A.J. Greer 20 1 2 2
4 Ryan Suzuki Johan Larsson Ryan Dzingel 10 1 2 2
5 vs 5 Defense
Defense Defense Time % Phy DF OF
1 Caleb Jones Philippe Myers 40 1 2 2
2 Robin Salo Declan Chisholm 30 1 2 2
3 Ben Gleason Nick Cicek 20 1 2 2
4 Caleb Jones Philippe Myers 10 1 2 2
PowerPlay Forward
Center Left Wing Right Wing Time % Phy DF OF
1 Johan Larsson Ryan Dzingel Adam Gaudette 60 1 2 2
2 Kevin Stenlund Dominik Simon Matthew Phillips 40 1 2 2
PowerPlay Defense
Defense Defense Time % Phy DF OF
1 Caleb Jones Philippe Myers 60 1 2 2
2 Robin Salo Declan Chisholm 40 1 2 2
Penalty Kill 4 Players Forward
Center Wing Time % Phy DF OF
1 Johan Larsson Ryan Dzingel 60 1 2 2
2 Adam Gaudette Dominik Simon 40 1 2 2
Penalty Kill 4 Players Defense
Defense Defense Time % Phy DF OF
1 Caleb Jones Philippe Myers 60 1 2 2
2 Robin Salo Declan Chisholm 40 1 2 2
Penalty Kill - 3 Players Forward
Forward Time % Phy DF OF
1 Johan Larsson 60 1 2 2
2 Ryan Dzingel 40 1 2 2
Penalty Kill - 3 Players Defense
Defense Defense Time % Phy DF OF
1 Caleb Jones Philippe Myers 60 1 2 2
2 Robin Salo Declan Chisholm 40 1 2 2
4 vs 4 Forward
Center Wing Time % Phy DF OF
1 Johan Larsson Ryan Dzingel 60 1 2 2
2 Adam Gaudette Dominik Simon 40 1 2 2
4 vs 4 Defense
Defense Defense Time % Phy DF OF
1 Caleb Jones Philippe Myers 60 1 2 2
2 Robin Salo Declan Chisholm 40 1 2 2
Last Minutes Offensive
Center Left Wing Right Wing Defense Defense
Johan Larsson Ryan Dzingel Adam Gaudette Caleb Jones Philippe Myers
Last Minutes Defensive
Center Left Wing Right Wing Defense Defense
Johan Larsson Ryan Dzingel Adam Gaudette Caleb Jones Philippe Myers
Goaltenders
Starting : Jet Greaves
Backup : Matthew Murray
Extra Forwards
Normal : Tyler Madden, Marc McLaughlin, Axel Jonsson-Fjallby - PP : Tyler Madden, Marc McLaughlin - PK : Axel Jonsson-Fjallby
Extra Defensemen
Normal : Ben Gleason, Nick Cicek, Robin Salo - PP : Ben Gleason - PK : Nick Cicek, Robin Salo
Penalty Shots
Johan Larsson, Ryan Dzingel, Adam Gaudette, Dominik Simon, Kevin Stenlund
% Time on Ice - Atlantic City Gamblers
Lines # - Real PCT - Wanted PCT - Time Play
Normal Forward
1 - 30% - 40% - 14:44
2 - 31% - 30% - 15:15
3 - 26% - 20% - 12:49
4 - 12% - 10% - 5:53
Normal Defense
1 - 34% - 40% - 16:34
2 - 30% - 30% - 14:29
3 - 24% - 20% - 11:32
4 - 13% - 10% - 6:06
PP Forward
1 - 59% - 60% - 1:11
2 - 41% - 40% - 0:50
PP Defense
1 - 68% - 60% - 1:22
2 - 32% - 40% - 0:39
PK Forward
1 - 76% - 60% - 7:05
2 - 24% - 40% - 2:13
PK Defense
1 - 66% - 60% - 6:07
2 - 34% - 40% - 3:11
PK3 Forward
1 - 0% - 60%
2 - 0% - 40%
PK3 Defense
1 - 0% - 60%
2 - 0% - 40%
44 Forward
1 - 89% - 60% - 0:55
2 - 11% - 40% - 0:07
44 Defense
1 - 84% - 60% - 0:52
2 - 16% - 40% - 0:10
Last Minute Offensive - 0:00
Last Minute Defensive - 0:00
Total
Forward - 61:02
Defense - 61:02
|
% Time on Ice - Adelaide Pink Elephants
Lines # - Real PCT - Wanted PCT - Time Play
Normal Forward
1 - 34% - 40% - 16:26
2 - 28% - 30% - 13:26
3 - 28% - 20% - 13:34
4 - 11% - 10% - 5:15
Normal Defense
1 - 36% - 40% - 17:37
2 - 35% - 30% - 16:55
3 - 24% - 20% - 11:47
4 - 5% - 10% - 2:22
PP Forward
1 - 61% - 60% - 5:39
2 - 39% - 40% - 3:39
PP Defense
1 - 60% - 60% - 5:35
2 - 40% - 40% - 3:43
PK Forward
1 - 100% - 60% - 2:01
2 - 0% - 40% - 0:00
PK Defense
1 - 55% - 60% - 1:06
2 - 45% - 40% - 0:55
PK3 Forward
1 - 0% - 60%
2 - 0% - 40%
PK3 Defense
1 - 0% - 60%
2 - 0% - 40%
44 Forward
1 - 100% - 60% - 1:02
2 - 0% - 40% - 0:00
44 Defense
1 - 45% - 60% - 0:28
2 - 55% - 40% - 0:34
Last Minute Offensive - 0:00
Last Minute Defensive - 0:00
Total
Forward - 61:02
Defense - 61:02
|
Play-by-Play
1st period
0:01 of 1st period - Johan Larsson wins face-off versus Luke Kunin in neutral zone.
0:11 of 1st period - Icing by Caleb Jones.
0:12 of 1st period - Johan Larsson wins face-off versus Jean-Luc Foudy in Adelaide Pink Elephants zone.
0:51 of 1st period - Snap shot by Ryan Dzingel.
0:51 of 1st period - Deflect By Ronald Attard.
0:51 of 1st period - Shot Misses the Net.
0:51 of 1st period - Puck is out of play.
0:52 of 1st period - Kevin Stenlund wins face-off versus Jakub Lauko in Atlantic City Gamblers zone.
2:16 of 1st period - Boris Katchouk is hit by A.J. Greer and loses puck.
2:53 of 1st period - Ty Smith is hit by Axel Jonsson-Fjallby and loses puck.
4:24 of 1st period - Alex Beaucage is hit by Adam Gaudette and loses puck.
5:37 of 1st period - Axel Jonsson-Fjallby is hit by Cam Dineen and loses puck.
6:08 of 1st period - Snap shot by Nils Hoglander.
6:08 of 1st period - Stopped by Jet Greaves with a rebound.
6:53 of 1st period - Jakub Lauko is hit by Kevin Stenlund and loses puck.
8:01 of 1st period - Boris Katchouk is hit by Ryan Suzuki and loses puck.
8:15 of 1st period - Icing by Ryan Suzuki.
8:16 of 1st period - Jakub Lauko wins face-off versus Ryan Suzuki in Adelaide Pink Elephants zone.
8:17 of 1st period - Snap shot by Egor Sokolov.
8:17 of 1st period - Stopped by Jet Greaves with a rebound.
8:19 of 1st period - Slapshot by Nils Hoglander.
8:19 of 1st period - Shot Misses the Net.
9:03 of 1st period - Snap shot by Riley Damiani.
9:03 of 1st period - Shot Blocked by Jean-Luc Foudy.
9:32 of 1st period - Philippe Myers is hit by Luke Kunin.
11:41 of 1st period - Icing by Thomas Harley.
11:42 of 1st period - Kevin Stenlund wins face-off versus Nils Hoglander in Atlantic City Gamblers zone.
12:17 of 1st period - Snap shot by Adam Gaudette.
12:17 of 1st period - Stopped by Tuukka Rask without a rebound.
12:18 of 1st period - Johan Larsson wins face-off versus Jean-Luc Foudy in Atlantic City Gamblers zone.
12:19 of 1st period - Slapshot by Adam Gaudette.
12:19 of 1st period - Stopped by Tuukka Rask with a rebound.
12:21 of 1st period - Snap shot by Adam Gaudette.
12:21 of 1st period - Stopped by Tuukka Rask without a rebound.
12:22 of 1st period - Johan Larsson wins face-off versus Jean-Luc Foudy in Atlantic City Gamblers zone.
12:31 of 1st period - Ryan Dzingel is hit by Ronald Attard.
12:38 of 1st period - Icing by Cam Dineen.
12:39 of 1st period - Kevin Stenlund wins face-off versus Jean-Luc Foudy in Atlantic City Gamblers zone.
12:46 of 1st period - Snap shot by Jean-Luc Foudy.
12:46 of 1st period - Stopped by Jet Greaves without a rebound.
12:47 of 1st period - Kevin Stenlund wins face-off versus Luke Kunin in Adelaide Pink Elephants zone.
12:56 of 1st period - Snap shot by Luke Kunin.
12:56 of 1st period - Shot Misses the Net.
12:58 of 1st period - Slapshot by Luke Kunin.
12:58 of 1st period - Shot Misses the Net.
13:00 of 1st period - Snap shot by Nils Hoglander.
13:00 of 1st period - Shot Misses the Net.
13:02 of 1st period - Snap shot by Nils Hoglander.
13:02 of 1st period - Stopped by Jet Greaves without a rebound.
13:03 of 1st period - Johan Larsson wins face-off versus Luke Kunin in Adelaide Pink Elephants zone.
13:26 of 1st period - Yegor Chinakhov is hit by Caleb Jones.
14:16 of 1st period - Snap shot by Jakub Lauko.
14:16 of 1st period - Stopped by Jet Greaves with a rebound.
14:18 of 1st period - Snap shot by Egor Sokolov.
14:18 of 1st period - Shot Blocked by Robin Salo.
14:20 of 1st period - Slapshot by Alex Beaucage.
14:20 of 1st period - Stopped by Jet Greaves with a rebound.
14:22 of 1st period - Wrist shot by Alex Beaucage.
14:22 of 1st period - Stopped by Jet Greaves with a rebound.
14:24 of 1st period - Wrist shot by Alex Beaucage.
14:24 of 1st period - Shot Blocked by Johan Larsson.
14:26 of 1st period - Snap shot by Alex Beaucage.
14:26 of 1st period - Shot Blocked by Adam Gaudette.
14:48 of 1st period - Slapshot by Egor Sokolov.
14:48 of 1st period - Stopped by Jet Greaves with a rebound.
14:58 of 1st period - Snap shot by Ryan Dzingel.
14:58 of 1st period - Stopped by Tuukka Rask without a rebound.
14:59 of 1st period - Kevin Stenlund wins face-off versus Luke Kunin in Atlantic City Gamblers zone.
15:09 of 1st period - Minor Penalty to Luke Kunin for Hooking.
15:10 of 1st period - Kevin Stenlund wins face-off versus Jean-Luc Foudy in Atlantic City Gamblers zone.
15:18 of 1st period - Backhand shot by Jean-Luc Foudy.
15:18 of 1st period - Shot Misses the Net.
15:24 of 1st period - Cody Glass is hit by Caleb Jones and loses puck.
17:09 of 1st period - Penalty to Luke Kunin is over, Luke Kunin is back on ice.
17:29 of 1st period - Boris Katchouk is hit by Axel Jonsson-Fjallby and loses puck.
17:39 of 1st period - Icing by Yegor Chinakhov.
17:40 of 1st period - Riley Damiani wins face-off versus Luke Kunin in Atlantic City Gamblers zone.
17:41 of 1st period - Wrist shot by Axel Jonsson-Fjallby.
17:41 of 1st period - Stopped by Tuukka Rask with a rebound.
17:57 of 1st period - Alex Beaucage is hit by Kevin Stenlund and loses puck.
18:12 of 1st period - Slapshot by Johan Larsson.
18:12 of 1st period - Shot Misses the Net.
18:22 of 1st period - Nils Hoglander is hit by A.J. Greer and loses puck.
18:35 of 1st period - Snap shot by Yegor Chinakhov.
18:35 of 1st period - Deflect By Adam Gaudette.
18:35 of 1st period - Shot Blocked by Ryan Dzingel.
18:35 of 1st period - Puck is out of play.
18:36 of 1st period - Jean-Luc Foudy wins face-off versus Ryan Dzingel in Adelaide Pink Elephants zone.
18:44 of 1st period - Minor Penalty to Callan Foote for Roughing.
18:45 of 1st period - Luke Kunin wins face-off versus Johan Larsson in Atlantic City Gamblers zone.
19:10 of 1st period - Caleb Jones is hit by Ty Smith and loses puck.
Goals for this period are 0 for Atlantic City Gamblers vs 0 for Adelaide Pink Elephants.
Shots for this period are 8 for Atlantic City Gamblers vs 5 for Adelaide Pink Elephants.
2nd period
0:01 of 2nd period - Johan Larsson wins face-off versus Luke Kunin in neutral zone.
0:04 of 2nd period - Wrist shot by Ryan Dzingel.
0:04 of 2nd period - Shot Misses the Net.
0:06 of 2nd period - Slapshot by Adam Gaudette.
0:06 of 2nd period - Goal by Adam Gaudette - Atlantic City Gamblers : 0 - Adelaide Pink Elephants : 1.
0:07 of 2nd period - Johan Larsson wins face-off versus Luke Kunin in neutral zone.
0:32 of 2nd period - Icing by Callan Foote.
0:33 of 2nd period - Jean-Luc Foudy wins face-off versus Kevin Stenlund in Atlantic City Gamblers zone.
0:33 of 2nd period - Jean-Luc Foudy is hit by Matthew Phillips.
0:45 of 2nd period - Slapshot by Yegor Chinakhov.
0:45 of 2nd period - Stopped by Jet Greaves with a rebound.
0:47 of 2nd period - Slapshot by Ty Smith.
0:47 of 2nd period - Shot Blocked by Dominik Simon.
0:49 of 2nd period - Snap shot by Boris Katchouk.
0:49 of 2nd period - Shot Blocked by Kevin Stenlund.
0:59 of 2nd period - Luke Kunin is hit by Adam Gaudette and loses puck.
1:17 of 2nd period - Wrist shot by Alex Beaucage.
1:17 of 2nd period - Stopped by Jet Greaves with a rebound.
1:25 of 2nd period - Slapshot by Axel Jonsson-Fjallby.
1:25 of 2nd period - Shot Misses the Net.
1:27 of 2nd period - Wrist shot by Riley Damiani.
1:27 of 2nd period - Stopped by Tuukka Rask with a rebound.
1:29 of 2nd period - Wrist shot by Riley Damiani.
1:29 of 2nd period - Shot Blocked by Layton Ahac.
1:31 of 2nd period - Wrist shot by A.J. Greer.
1:31 of 2nd period - Stopped by Tuukka Rask without a rebound.
1:32 of 2nd period - Johan Larsson wins face-off versus Luke Kunin in Atlantic City Gamblers zone.
1:35 of 2nd period - Slapshot by Adam Gaudette.
1:35 of 2nd period - Stopped by Tuukka Rask without a rebound.
1:36 of 2nd period - Ryan Dzingel wins face-off versus Luke Kunin in Atlantic City Gamblers zone.
1:37 of 2nd period - Slapshot by Johan Larsson.
1:37 of 2nd period - Stopped by Tuukka Rask without a rebound.
1:38 of 2nd period - Johan Larsson wins face-off versus Luke Kunin in Atlantic City Gamblers zone.
1:49 of 2nd period - Slapshot by Johan Larsson.
1:49 of 2nd period - Stopped by Tuukka Rask without a rebound.
1:50 of 2nd period - Luke Kunin wins face-off versus Johan Larsson in Atlantic City Gamblers zone.
2:22 of 2nd period - Snap shot by Yegor Chinakhov.
2:22 of 2nd period - Shot Misses the Net.
2:24 of 2nd period - Snap shot by Jean-Luc Foudy.
2:24 of 2nd period - Stopped by Jet Greaves with a rebound.
2:26 of 2nd period - Slapshot by Cam Dineen.
2:26 of 2nd period - Stopped by Jet Greaves without a rebound.
2:27 of 2nd period - Nils Hoglander wins face-off versus Riley Damiani in Adelaide Pink Elephants zone.
2:55 of 2nd period - Icing by Robin Salo.
2:56 of 2nd period - Jean-Luc Foudy wins face-off versus Johan Larsson in Adelaide Pink Elephants zone.
2:57 of 2nd period - Backhand shot by Yegor Chinakhov.
2:57 of 2nd period - Stopped by Jet Greaves without a rebound.
2:58 of 2nd period - Jean-Luc Foudy wins face-off versus Johan Larsson in Adelaide Pink Elephants zone.
2:59 of 2nd period - Backhand shot by Yegor Chinakhov.
2:59 of 2nd period - Shot Blocked by Adam Gaudette.
3:21 of 2nd period - Yegor Chinakhov is hit by Ryan Dzingel.
3:25 of 2nd period - Boris Katchouk is hit by Adam Gaudette and loses puck.
4:11 of 2nd period - Slapshot by Jean-Luc Foudy.
4:11 of 2nd period - Deflect By Yegor Chinakhov.
4:11 of 2nd period - Stopped by Jet Greaves without a rebound.
4:12 of 2nd period - Kevin Stenlund wins face-off versus Luke Kunin in Adelaide Pink Elephants zone.
4:19 of 2nd period - Off-side.
4:20 of 2nd period - Luke Kunin wins face-off versus Kevin Stenlund in neutral zone.
4:37 of 2nd period - Cody Glass is hit by Matthew Phillips and loses puck.
4:48 of 2nd period - Wrist shot by Dominik Simon.
4:48 of 2nd period - Stopped by Tuukka Rask without a rebound.
4:49 of 2nd period - Riley Damiani wins face-off versus Jakub Lauko in Atlantic City Gamblers zone.
4:52 of 2nd period - Backhand shot by Riley Damiani.
4:52 of 2nd period - Deflect By A.J. Greer.
4:52 of 2nd period - Stopped by Tuukka Rask with a rebound.
5:25 of 2nd period - Minor Penalty to Ryan Suzuki for Hooking.
5:26 of 2nd period - Luke Kunin wins face-off versus Johan Larsson in Adelaide Pink Elephants zone.
5:27 of 2nd period - Wrist shot by Cody Glass.
5:27 of 2nd period - Goal by Cody Glass - Atlantic City Gamblers : 1 - Adelaide Pink Elephants : 1.
5:28 of 2nd period - Johan Larsson wins face-off versus Nils Hoglander in neutral zone.
5:31 of 2nd period - Slapshot by Philippe Myers.
5:31 of 2nd period - Stopped by Tuukka Rask without a rebound.
5:32 of 2nd period - Johan Larsson wins face-off versus Luke Kunin in Atlantic City Gamblers zone.
5:35 of 2nd period - Snap shot by Adam Gaudette.
5:35 of 2nd period - Shot Misses the Net.
5:37 of 2nd period - Slapshot by Philippe Myers.
5:37 of 2nd period - Deflect By Johan Larsson.
5:37 of 2nd period - Shot Blocked by Callan Foote.
5:37 of 2nd period - Puck is out of play.
5:38 of 2nd period - Luke Kunin wins face-off versus Adam Gaudette in Atlantic City Gamblers zone.
5:38 of 2nd period - Luke Kunin is hit by Philippe Myers.
6:03 of 2nd period - Off-side.
6:04 of 2nd period - Matthew Phillips wins face-off versus Jean-Luc Foudy in neutral zone.
6:06 of 2nd period - Off-side.
6:07 of 2nd period - Jean-Luc Foudy wins face-off versus Kevin Stenlund in neutral zone.
6:21 of 2nd period - Snap shot by Yegor Chinakhov.
6:21 of 2nd period - Deflect By Jean-Luc Foudy.
6:21 of 2nd period - Stopped by Jet Greaves with a rebound.
6:23 of 2nd period - Slapshot by Yegor Chinakhov.
6:23 of 2nd period - Stopped by Jet Greaves with a rebound.
6:35 of 2nd period - Slapshot by Nils Hoglander.
6:35 of 2nd period - Shot Misses the Net.
6:37 of 2nd period - Slapshot by Cody Glass.
6:37 of 2nd period - Shot Blocked by Ryan Dzingel.
6:39 of 2nd period - Wrist shot by Luke Kunin.
6:39 of 2nd period - Stopped by Jet Greaves with a rebound.
6:41 of 2nd period - Wrist shot by Nils Hoglander.
6:41 of 2nd period - Shot Misses the Net.
6:43 of 2nd period - Slapshot by Luke Kunin.
6:43 of 2nd period - Shot Blocked by Declan Chisholm.
7:15 of 2nd period - Minor Penalty to Callan Foote for Hooking.
7:16 of 2nd period - Johan Larsson wins face-off versus Luke Kunin in Atlantic City Gamblers zone.
7:48 of 2nd period - Snap shot by Caleb Jones.
7:48 of 2nd period - Stopped by Tuukka Rask without a rebound.
7:49 of 2nd period - Ryan Dzingel wins face-off versus Nils Hoglander in Atlantic City Gamblers zone.
7:54 of 2nd period - Wrist shot by Johan Larsson.
7:54 of 2nd period - Shot Blocked by Ronald Attard.
8:21 of 2nd period - Snap shot by Dominik Simon.
8:21 of 2nd period - Deflect By Yegor Chinakhov.
8:21 of 2nd period - Stopped by Tuukka Rask without a rebound.
8:22 of 2nd period - Johan Larsson wins face-off versus Nils Hoglander in Atlantic City Gamblers zone.
8:25 of 2nd period - Wrist shot by Adam Gaudette.
8:25 of 2nd period - Stopped by Tuukka Rask with a rebound.
8:27 of 2nd period - Backhand shot by Caleb Jones.
8:27 of 2nd period - Stopped by Tuukka Rask with a rebound.
8:29 of 2nd period - Slapshot by Ryan Dzingel.
8:29 of 2nd period - Shot Misses the Net.
8:31 of 2nd period - Wrist shot by Philippe Myers.
8:31 of 2nd period - Shot Blocked by Yegor Chinakhov.
8:33 of 2nd period - Slapshot by Philippe Myers.
8:33 of 2nd period - Deflect By Adam Gaudette.
8:33 of 2nd period - Stopped by Tuukka Rask without a rebound.
8:34 of 2nd period - Luke Kunin wins face-off versus Johan Larsson in Atlantic City Gamblers zone.
8:34 of 2nd period - Luke Kunin is hit by Ryan Dzingel.
9:08 of 2nd period - Wrist shot by Kevin Stenlund.
9:08 of 2nd period - Shot Blocked by Ty Smith.
9:10 of 2nd period - Snap shot by Matthew Phillips.
9:10 of 2nd period - Deflect By Dominik Simon.
9:10 of 2nd period - Shot Misses the Net.
9:10 of 2nd period - Puck is out of play.
9:11 of 2nd period - Johan Larsson wins face-off versus Nils Hoglander in Atlantic City Gamblers zone.
9:15 of 2nd period - Penalty to Callan Foote is over, Callan Foote is back on ice.
9:16 of 2nd period - Backhand shot by Adam Gaudette.
9:16 of 2nd period - Deflect By Johan Larsson.
9:16 of 2nd period - Stopped by Tuukka Rask without a rebound.
9:17 of 2nd period - Jean-Luc Foudy wins face-off versus Johan Larsson in Atlantic City Gamblers zone.
9:17 of 2nd period - Jean-Luc Foudy is hit by Ryan Dzingel.
9:30 of 2nd period - Minor Penalty to Ryan Dzingel for Holding.
9:31 of 2nd period - Johan Larsson wins face-off versus Luke Kunin in Adelaide Pink Elephants zone.
11:30 of 2nd period - Penalty to Ryan Dzingel is over, Ryan Dzingel is back on ice.
11:36 of 2nd period - Kevin Stenlund is hit by Alex Beaucage and loses puck.
11:40 of 2nd period - Icing by Robin Salo.
11:41 of 2nd period - Jakub Lauko wins face-off versus Kevin Stenlund in Adelaide Pink Elephants zone.
11:42 of 2nd period - Snap shot by Egor Sokolov.
11:42 of 2nd period - Shot Blocked by Dominik Simon.
12:05 of 2nd period - Off-side.
12:06 of 2nd period - Yegor Chinakhov wins face-off versus Riley Damiani in neutral zone.
12:09 of 2nd period - Axel Jonsson-Fjallby is hit by Jean-Luc Foudy and loses puck.
12:43 of 2nd period - Wrist shot by Axel Jonsson-Fjallby.
12:43 of 2nd period - Stopped by Tuukka Rask with a rebound.
12:51 of 2nd period - Wrist shot by Riley Damiani.
12:51 of 2nd period - Deflect By Axel Jonsson-Fjallby.
12:51 of 2nd period - Shot Blocked by Ronald Attard.
12:51 of 2nd period - Puck is out of play.
12:52 of 2nd period - Johan Larsson wins face-off versus Luke Kunin in Atlantic City Gamblers zone.
12:55 of 2nd period - Snap shot by Johan Larsson.
12:55 of 2nd period - Stopped by Tuukka Rask without a rebound.
12:56 of 2nd period - Johan Larsson wins face-off versus Luke Kunin in Atlantic City Gamblers zone.
13:47 of 2nd period - Wrist shot by Matthew Phillips.
13:47 of 2nd period - Shot Misses the Net.
14:00 of 2nd period - Icing by Philippe Myers.
14:01 of 2nd period - Riley Damiani wins face-off versus Luke Kunin in Adelaide Pink Elephants zone.
14:26 of 2nd period - Matthew Phillips is hit by Boris Katchouk and loses puck.
14:47 of 2nd period - Snap shot by Jean-Luc Foudy.
14:47 of 2nd period - Stopped by Jet Greaves without a rebound.
14:48 of 2nd period - Riley Damiani wins face-off versus Jakub Lauko in Adelaide Pink Elephants zone.
15:34 of 2nd period - Slapshot by Ty Smith.
15:34 of 2nd period - Stopped by Jet Greaves with a rebound.
15:36 of 2nd period - Backhand shot by Ty Smith.
15:36 of 2nd period - Shot Misses the Net.
15:38 of 2nd period - Wrist shot by Boris Katchouk.
15:38 of 2nd period - Shot Misses the Net.
15:40 of 2nd period - Snap shot by Jean-Luc Foudy.
15:40 of 2nd period - Shot Misses the Net.
15:42 of 2nd period - Slapshot by Callan Foote.
15:42 of 2nd period - Stopped by Jet Greaves without a rebound.
15:43 of 2nd period - Johan Larsson wins face-off versus Yegor Chinakhov in Adelaide Pink Elephants zone.
15:54 of 2nd period - Johan Larsson is hit by Cam Dineen and loses puck.
16:13 of 2nd period - Wrist shot by Dominik Simon.
16:13 of 2nd period - Stopped by Tuukka Rask without a rebound.
16:14 of 2nd period - Kevin Stenlund wins face-off versus Luke Kunin in Atlantic City Gamblers zone.
16:17 of 2nd period - Wrist shot by Dominik Simon.
16:17 of 2nd period - Shot Misses the Net.
16:19 of 2nd period - Snap shot by Matthew Phillips.
16:19 of 2nd period - Deflect By Dominik Simon.
16:19 of 2nd period - Stopped by Tuukka Rask with a rebound.
16:21 of 2nd period - Wrist shot by Kevin Stenlund.
16:21 of 2nd period - Stopped by Tuukka Rask without a rebound.
16:22 of 2nd period - Johan Larsson wins face-off versus Luke Kunin in Atlantic City Gamblers zone.
16:29 of 2nd period - Wrist shot by Johan Larsson.
16:29 of 2nd period - Shot Blocked by Xavier Bernard.
16:31 of 2nd period - Backhand shot by Adam Gaudette.
16:31 of 2nd period - Stopped by Tuukka Rask with a rebound.
16:33 of 2nd period - Wrist shot by Ryan Dzingel.
16:33 of 2nd period - Stopped by Tuukka Rask with a rebound.
16:35 of 2nd period - Slapshot by Adam Gaudette.
16:35 of 2nd period - Deflect By Johan Larsson.
16:35 of 2nd period - Stopped by Tuukka Rask without a rebound.
16:36 of 2nd period - Luke Kunin wins face-off versus Kevin Stenlund in Atlantic City Gamblers zone.
16:38 of 2nd period - Minor Penalty to Luke Kunin for Hooking.
16:39 of 2nd period - Johan Larsson wins face-off versus Jakub Lauko in Atlantic City Gamblers zone.
16:41 of 2nd period - Wrist shot by Adam Gaudette.
16:41 of 2nd period - Shot Misses the Net.
16:43 of 2nd period - Slapshot by Philippe Myers.
16:43 of 2nd period - Stopped by Tuukka Rask with a rebound.
16:45 of 2nd period - Snap shot by Adam Gaudette.
16:45 of 2nd period - Shot Blocked by Jakub Lauko.
16:47 of 2nd period - Slapshot by Ryan Dzingel.
16:47 of 2nd period - Stopped by Tuukka Rask without a rebound.
16:48 of 2nd period - Jakub Lauko wins face-off versus Johan Larsson in Atlantic City Gamblers zone.
16:48 of 2nd period - Jakub Lauko is hit by Johan Larsson.
17:00 of 2nd period - Wrist shot by Caleb Jones.
17:00 of 2nd period - Deflect By Ryan Dzingel.
17:00 of 2nd period - Shot Misses the Net.
17:00 of 2nd period - Puck is out of play.
17:01 of 2nd period - Johan Larsson wins face-off versus Jakub Lauko in Atlantic City Gamblers zone.
17:26 of 2nd period - Jean-Luc Foudy is hit by Philippe Myers and loses puck.
17:51 of 2nd period - Wrist shot by Yegor Chinakhov.
17:51 of 2nd period - Stopped by Jet Greaves without a rebound.
17:52 of 2nd period - Jakub Lauko wins face-off versus Kevin Stenlund in Adelaide Pink Elephants zone.
18:13 of 2nd period - Caleb Jones is hit by Yegor Chinakhov and loses puck.
18:38 of 2nd period - Penalty to Luke Kunin is over, Luke Kunin is back on ice.
19:26 of 2nd period - Wrist shot by Egor Sokolov.
19:26 of 2nd period - Stopped by Jet Greaves with a rebound.
19:28 of 2nd period - Wrist shot by Cam Dineen.
19:28 of 2nd period - Shot Blocked by Johan Larsson.
Goals for this period are 1 for Atlantic City Gamblers vs 1 for Adelaide Pink Elephants.
Shots for this period are 15 for Atlantic City Gamblers vs 25 for Adelaide Pink Elephants.
3rd period
0:01 of 3rd period - Luke Kunin wins face-off versus Johan Larsson in neutral zone.
0:55 of 3rd period - Ronald Attard is hit by Philippe Myers and loses puck.
1:10 of 3rd period - Slapshot by Cam Dineen.
1:10 of 3rd period - Stopped by Jet Greaves with a rebound.
1:36 of 3rd period - Snap shot by Ty Smith.
1:36 of 3rd period - Deflect By Jakub Lauko.
1:36 of 3rd period - Stopped by Jet Greaves with a rebound.
1:38 of 3rd period - Snap shot by Jakub Lauko.
1:38 of 3rd period - Stopped by Jet Greaves with a rebound.
2:28 of 3rd period - Declan Chisholm is hit by Nils Hoglander and loses puck.
3:13 of 3rd period - A.J. Greer is hit by Egor Sokolov and loses puck.
3:52 of 3rd period - Ronald Attard is hit by Nick Cicek.
5:48 of 3rd period - Ty Smith is hit by Johan Larsson and loses puck.
7:25 of 3rd period - Egor Sokolov is hit by Caleb Jones and loses puck.
8:12 of 3rd period - Boris Katchouk is hit by Dominik Simon and loses puck.
8:45 of 3rd period - Tyler Madden is hit by Nick Henry.
11:06 of 3rd period - Icing by Robin Salo.
11:07 of 3rd period - Riley Damiani wins face-off versus Ty Smith in Adelaide Pink Elephants zone.
11:12 of 3rd period - Michael Vukojevic is hit by Ben Gleason and loses puck.
13:07 of 3rd period - Icing by Riley Damiani.
13:08 of 3rd period - Riley Damiani wins face-off versus Jean-Luc Foudy in Adelaide Pink Elephants zone.
13:37 of 3rd period - Wrist shot by Riley Damiani.
13:37 of 3rd period - Stopped by Tuukka Rask without a rebound.
13:38 of 3rd period - Riley Damiani wins face-off versus Luke Kunin in Atlantic City Gamblers zone.
13:39 of 3rd period - Wrist shot by Axel Jonsson-Fjallby.
13:39 of 3rd period - Shot Misses the Net.
13:43 of 3rd period - Wrist shot by Axel Jonsson-Fjallby.
13:43 of 3rd period - Stopped by Tuukka Rask with a rebound.
13:45 of 3rd period - Slapshot by Ben Gleason.
13:45 of 3rd period - Shot Misses the Net.
13:47 of 3rd period - Slapshot by Ben Gleason.
13:47 of 3rd period - Shot Misses the Net.
13:49 of 3rd period - Slapshot by Ben Gleason.
13:49 of 3rd period - Deflect By Axel Jonsson-Fjallby.
13:49 of 3rd period - Shot Blocked by Nils Hoglander.
13:49 of 3rd period - Puck is out of play.
13:50 of 3rd period - Yegor Chinakhov wins face-off versus Johan Larsson in Atlantic City Gamblers zone.
13:50 of 3rd period - Yegor Chinakhov is hit by Philippe Myers.
14:15 of 3rd period - Luke Kunin is hit by Kevin Stenlund.
14:25 of 3rd period - Snap shot by Kevin Stenlund.
14:25 of 3rd period - Shot Misses the Net.
14:58 of 3rd period - Backhand shot by Yegor Chinakhov.
14:58 of 3rd period - Stopped by Jet Greaves without a rebound.
14:59 of 3rd period - Jean-Luc Foudy wins face-off versus Johan Larsson in Adelaide Pink Elephants zone.
15:06 of 3rd period - Philippe Myers is hit by Yegor Chinakhov and loses puck.
15:19 of 3rd period - Michael Vukojevic is hit by Johan Larsson and loses puck.
15:44 of 3rd period - Wrist shot by Adam Gaudette.
15:44 of 3rd period - Stopped by Tuukka Rask without a rebound.
15:45 of 3rd period - Kevin Stenlund wins face-off versus Luke Kunin in Atlantic City Gamblers zone.
16:20 of 3rd period - Caleb Jones is hit by Callan Foote and loses puck.
16:44 of 3rd period - Snap shot by Jakub Lauko.
16:44 of 3rd period - Shot Blocked by Caleb Jones.
16:46 of 3rd period - Wrist shot by Egor Sokolov.
16:46 of 3rd period - Shot Misses the Net.
16:50 of 3rd period - Snap shot by Egor Sokolov.
16:50 of 3rd period - Shot Misses the Net.
16:52 of 3rd period - Wrist shot by Jakub Lauko.
16:52 of 3rd period - Deflect By Caleb Jones.
16:52 of 3rd period - Shot Hit the Post.
16:52 of 3rd period - Puck is out of play.
16:53 of 3rd period - Luke Kunin wins face-off versus Ryan Suzuki in Adelaide Pink Elephants zone.
16:53 of 3rd period - Johan Larsson and Thomas Harley fight to a draw.
16:53 of 3rd period - Penalty to Johan Larsson for Fighting.
16:53 of 3rd period - Penalty to Thomas Harley for Fighting.
16:54 of 3rd period - Ryan Suzuki wins face-off versus Luke Kunin in Adelaide Pink Elephants zone.
16:54 of 3rd period - Ryan Suzuki is hit by Michael Vukojevic.
17:00 of 3rd period - Caleb Jones is hit by Cody Glass and loses puck.
17:49 of 3rd period - Minor Penalty to Michael Vukojevic for Tripping.
17:50 of 3rd period - Tyler Madden wins face-off versus Luke Kunin in Atlantic City Gamblers zone.
17:53 of 3rd period - Wrist shot by Ryan Dzingel.
17:53 of 3rd period - Shot Blocked by Callan Foote.
17:55 of 3rd period - Wrist shot by Tyler Madden.
17:55 of 3rd period - Stopped by Tuukka Rask without a rebound.
17:56 of 3rd period - Luke Kunin wins face-off versus Tyler Madden in Atlantic City Gamblers zone.
18:15 of 3rd period - Icing by Adam Gaudette.
18:16 of 3rd period - Luke Kunin wins face-off versus Tyler Madden in Adelaide Pink Elephants zone.
18:29 of 3rd period - Snap shot by Matthew Phillips.
18:29 of 3rd period - Stopped by Tuukka Rask with a rebound.
18:37 of 3rd period - Snap shot by Matthew Phillips.
18:37 of 3rd period - Shot Blocked by Callan Foote.
19:49 of 3rd period - Penalty to Michael Vukojevic is over, Michael Vukojevic is back on ice.
19:50 of 3rd period - Icing by Cam Dineen.
19:51 of 3rd period - Michael Vukojevic wins face-off versus Marc McLaughlin in Atlantic City Gamblers zone.
Goals for this period are 0 for Atlantic City Gamblers vs 0 for Adelaide Pink Elephants.
Shots for this period are 4 for Atlantic City Gamblers vs 5 for Adelaide Pink Elephants.
Overtime #1
0:01 of 1st overtime period - Tyler Madden wins face-off versus Luke Kunin in neutral zone.
0:06 of 1st overtime period - Wrist shot by Ryan Dzingel.
0:06 of 1st overtime period - Shot Misses the Net.
0:12 of 1st overtime period - Snap shot by Cody Glass.
0:12 of 1st overtime period - Stopped by Jet Greaves with a rebound.
0:14 of 1st overtime period - Snap shot by Luke Kunin.
0:14 of 1st overtime period - Shot Misses the Net.
0:16 of 1st overtime period - Wrist shot by Cody Glass.
0:16 of 1st overtime period - Shot Misses the Net.
0:26 of 1st overtime period - Callan Foote is hit by Caleb Jones and loses puck.
0:39 of 1st overtime period - Declan Chisholm is hit by Alex Beaucage and loses puck.
1:02 of 1st overtime period - Snap shot by Yegor Chinakhov.
1:02 of 1st overtime period - Goal by Yegor Chinakhov - Atlantic City Gamblers : 2 - Adelaide Pink Elephants : 1.
Goals for this period are 1 for Atlantic City Gamblers vs 0 for Adelaide Pink Elephants.
Shots for this period are 2 for Atlantic City Gamblers vs 0 for Adelaide Pink Elephants.
Back to the Top